 Dungeon Crawl Stone Soup version 0.31.0-11-ge490571c62 (webtiles) character file.

Game seed: 1949788221792135744

2441 qw the Skirmisher (level 9, 0/45 HPs)
             Began as a Spriggan Hunter on Feb 5, 2024.
             Succumbed to a killer bee's poison
             ... on level 8 of the Dungeon.
             The game lasted 00:01:53 (6049 turns).

qw the Skirmisher (Spriggan Hunter)                 Turns: 6049, Time: 00:01:54

Health: 0/45       AC:  5    Str: 13    XL:     9   Next: 25%
Magic:  10/10      EV: 26    Int: 10    God:
Gold:   139        SH:  5    Dex: 23    Spells: 8/8 levels left

rFire   . . .        a - +2 shortbow
rCold   . . .        (shield currently unavailable)
rNeg    . . .        c - +0 robe
rPois   .            (helmet restricted)
rElec   .            g - +2 cloak
rCorr   .            (gloves unavailable)
SInv    +            (boots unavailable)
Will    +....        d - amulet of reflection
Stlth   ++           o - +6 ring of strength
HPRegen 0.27/turn    (no ring)
MPRegen 0.12/turn

%: reflection
@: lethally poisoned (0 -> -6), very quick
A: very small, no large weapons, unfitting armour, see invisible, speed 3
a: no special abilities


You were on level 8 of the Dungeon.
You visited 2 branches of the dungeon, and saw 9 of its levels.

You collected 325 gold pieces.
You spent 186 gold pieces at shops.


Innate Abilities, Weirdness & Mutations

You are very small and have problems with some larger weapons.
You are too small for most types of armour.
You have supernaturally acute eyesight. (SInv)
You cover ground extremely quickly. (Speed+++)


   Skills:
 + Level 3.9 Fighting
 - Level 10.0 Ranged Weapons
 - Level 10.0 Dodging
 - Level 1.5 Stealth


You had 8 spell levels left.
You didn't know any spells.
Your spell library was empty.

Inventory:

Hand Weapons
 a - a +2 shortbow (weapon)
Armour
 c - a +0 robe (worn)
 g - a +2 cloak (worn)
Jewellery
 d - an amulet of reflection (around neck)
 o - a +6 ring of strength (left hand)
Wands
 j - a wand of paralysis (10)
 m - a wand of iceblast (5)
 q - a wand of mindburst (9)
Scrolls
 n - 3 scrolls of enchant armour
Potions
 b - 2 potions of curing
 f - 4 potions of might
 h - a potion of haste
 i - a potion of resistance
 p - a potion of enlightenment

Dungeon Overview and Level Annotations

Branches:
Dungeon (8/15)             Temple (1/1) D:7
   Lair: D:8-11

Altars:
Ashenzari
Cheibriados
Dithmenos
Elyvilon
Fedhas
Gozag
Makhleb
Nemelex Xobeh
Qazlal
Ru
Sif Muna
Trog
Uskayaw
Vehumet
Wu Jian
Xom
Yredelemnul
Zin

Shops:
D:4 :   D:7 *   D:8 (

Portals:
Bailey: D:7


Message History

You feel sick. The killer bee completely misses you.
You shoot an arrow. The arrow misses the killer bee.
The arrow closely misses the killer bee.
You feel sick. The killer bee closely misses you. The killer bee stings you!
You are more poisoned.
The killer bee poisons you!
You shoot an arrow.
The arrow closely misses the killer bee.
The arrow hits the killer bee.
The killer bee is lightly wounded.
You feel very sick. The killer bee misses you.
The killer bee stings you but does no damage.
You shoot an arrow. The arrow misses the killer bee.
The arrow hits the killer bee.
The killer bee is moderately wounded.
You feel sick. The killer bee misses you. x2
You shoot an arrow.
The arrow closely misses the killer bee.
The arrow hits the killer bee.
The killer bee is severely wounded.
You feel sick. The killer bee stings you.
You are more poisoned.
The killer bee poisons you! The killer bee completely misses you.
You shoot an arrow. The arrow hits the killer bee!
You kill the killer bee!
You feel very sick.
You shoot an arrow. The arrow hits the killer bee.
The killer bee is severely wounded.
You feel very sick.
The killer bee stings you but does no damage.
The killer bee completely misses you.
You shoot an arrow. The arrow hits the killer bee.
You kill the killer bee!
You feel sick. The killer bee completely misses you.
You shoot an arrow. The arrow misses the killer bee.
You feel sick. The killer bee completely misses you. The killer bee stings you!
You shoot an arrow.
The arrow completely misses the killer bee.
You die...

#. #.## #....
#..#####.#
####..<....#
#......#####.#
#............#
#.....##.########.
#........y@.......
#......#%#########
#......#y[##
###### ##..# ##
##y#..##..
+y'..yy.#
#+#..>### $### #


You could see a killer bee.

Vanquished Creatures
  4 ice beasts
  2 ogres (D:5)
  2 phantoms (D:5)
  A bullfrog (D:7)
  2 scorpions
  8 wights (D:7)
  3 killer bees (D:8)
  3 howler monkeys
  2 jellies (D:6)
  3 hounds (D:5)
  2 orc priests
  3 bombardier beetles
  2 gnoll boudas
  A sleepcap (D:6)
  Jessica (D:2)
  Terence (D:3)
  3 iguanas
  3 orc wizards
  8 gnolls
  10 adders
  3 shadow imps
  2 white imps (D:4)
  3 ufetubi (D:4)
  A dart slug (D:1)
  2 ribbon worms
  19 orcs
  6 bats
  6 endoplasms
  4 giant cockroaches
  11 goblins
  8 hobgoblins
  5 kobolds
  5 quokkas
  4 ball pythons
  5 frilled lizards
  4 rats
152 creatures vanquished.

Notes
Turn   | Place    | Note
-------+----------+-------------------------------------------
     0 | D:1      | qw the Spriggan Hunter began the quest for the Orb.
     0 | D:1      | Reached XP level 1. HP: 10/10 MP: 2/2
     0 | D:1      | 0 ||| qw: Version: 0.3-a-160-g6735b56
     0 | D:1      | 0 ||| qw: Game counter: 6240
     0 | D:1      | 0 ||| qw: Melee chars always use a shield: true
     0 | D:1      | 0 ||| qw: God list: Okawaru
     0 | D:1      | 0 ||| qw: Allow faded altars: false
     0 | D:1      | 0 ||| qw: Do Orc after clearing Dungeon:15 true
     0 | D:1      | 0 ||| qw: Do second Lair branch before Depths: true
     0 | D:1      | 0 ||| qw: Lair rune preference: random
     0 | D:1      | 0 ||| qw: Goals: Normal
     0 | D:1      | 0 ||| PLANNING D:1-11
    52 | D:1      | Reached skill level 3 in Dodging
   105 | D:1      | Reached XP level 2. HP: 14/14 MP: 3/3
   291 | D:1      | Reached XP level 3. HP: 18/18 MP: 4/4
   426 | D:1      | 426 ||| UPGRADING to +0 cloak.
   431 | D:1      | 431 ||| READING scroll labelled ZUSMAX WANN.
   432 | D:1      | 432 ||| READING scroll labelled KETEUT ULOFABB.
   533 | D:1      | 533 ||| DRINKING 2 amethyst potions.
   534 | D:1      | 534 ||| DROPPING scroll of butterflies.
   846 | D:2      | Noticed Jessica
   851 | D:2      | Killed Jessica
   852 | D:2      | Reached XP level 4. HP: 22/22 MP: 5/5
  1294 | D:2      | 1294 ||| DROPPING ring of wizardry.
  1295 | D:2      | 1295 ||| READING scroll labelled CIVIUSS ODEUHO.
  1296 | D:2      | 1296 ||| READING scroll labelled EQAEMP ROAKE.
  1296 | D:2      | 1296 ||| ENCHANTING +0 shortbow.
  1297 | D:2      | 1297 ||| READING scroll labelled KEIFAPISAU.
  1449 | D:3      | Reached XP level 5. HP: 25/25 MP: 6/6
  1499 | D:3      | Noticed Terence
  1509 | D:3      | Killed Terence
  1664 | D:3      | Found a white marble altar of Elyvilon.
  1665 | D:3      | Found a blossoming altar of Fedhas.
  1717 | D:3      | Found a burning altar of Makhleb.
  1719 | D:3      | Noticed a cacodemon
  2269 | D:3      | 2269 ||| UPGRADING to amulet of reflection.
  2274 | D:3      | 2274 ||| DROPPING amulet of magic regeneration.
  2275 | D:3      | 2275 ||| READING 2 scrolls labelled XIONLA QUMI.
  2275 | D:3      | 2275 ||| ENCHANTING +0 cloak.
  2276 | D:3      | 2276 ||| READING scroll of enchant armour.
  2276 | D:3      | 2276 ||| ENCHANTING +1 cloak.
  2316 | D:4      | Reached skill level 6 in Ranged Weapons
  2329 | D:4      | Reached XP level 6. HP: 30/30 MP: 7/7
  2368 | D:4      | Reached skill level 6 in Dodging
  2590 | D:4      | 2590 ||| FLEEEEING.
  2591 | D:4      | 2591 ||| FLEEEEING.
  2779 | D:4      | Found Waiharu's Book Shop.
  2855 | D:4      | Found a snail-covered altar of Cheibriados.
  2886 | D:4      | Found a broken altar of Ashenzari.
  3141 | D:4      | 3141 ||| UPGRADING to +6 ring of strength.
  3142 | D:4      | 3142 ||| READING scroll labelled DIRIPN VAFFOIJO.
  3145 | D:4      | 3145 ||| READING scroll labelled KILERA NANIOL.
  3157 | D:5      | Entered Level 5 of the Dungeon
  3168 | D:5      | Reached XP level 7. HP: 27/35 MP: 8/8
  3318 | D:5      | 3318 ||| READING scroll of enchant weapon.
  3318 | D:5      | 3318 ||| ENCHANTING +1 shortbow.
  3607 | D:5      | Reached XP level 8. HP: 37/39 MP: 9/9
  3896 | D:5      | 3896 ||| READING 2 scrolls labelled VASUNNIFOO.
  3896 | D:5      | 3896 ||| IDENTIFYING bubbling coppery potion
  3897 | D:5      | 3897 ||| READING scroll of identify.
  3897 | D:5      | 3897 ||| IDENTIFYING grey potion
  3898 | D:5      | 3898 ||| READING scroll labelled TAARCH NIESCH.
  3899 | D:5      | 3899 ||| DROPPING potion of magic.
  3901 | D:5      | 3901 ||| Stepping ~*~*~tactically~*~*~ (cloud).
  4055 | D:6      | Reached skill level 3 in Fighting
  4440 | D:6      | HP: 8/40 [ice beast (6)]
  4448 | D:6      | HP: 6/40 [ice beast (4)]
  4448 | D:6      | HP: 1/40 [ice beast (5)]
  4456 | D:6      | Reached skill level 9 in Ranged Weapons
  4866 | D:6      | Reached skill level 9 in Dodging
  5067 | D:6      | 5067 ||| READING 3 scrolls of identify.
  5067 | D:6      | 5067 ||| IDENTIFYING lumpy black potion
  5068 | D:6      | 5068 ||| READING 2 scrolls of identify.
  5068 | D:6      | 5068 ||| IDENTIFYING fizzy grey potion
  5069 | D:6      | 5069 ||| READING scroll of identify.
  5069 | D:6      | 5069 ||| IDENTIFYING pink potion
  5070 | D:6      | 5070 ||| DRINKING 3 inky potions.
  5071 | D:6      | 5071 ||| DROPPING 2 potions of brilliance.
  5082 | D:7      | 5082 ||| RETREEEEATING.
  5084 | D:7      | 5084 ||| RETREEEEATING.
  5264 | D:7      | Found Fugytt's Assorted Antiques.
  5294 | D:7      | 5294 ||| BUYING fuming white potion (24 gold).
  5294 | D:7      | Bought a fuming white potion for 24 gold pieces
  5294 | D:7      | 5294 ||| BUYING potion of might (108 gold).
  5294 | D:7      | Bought a potion of might for 108 gold pieces
  5294 | D:7      | 5294 ||| BUYING scroll of identify (54 gold).
  5294 | D:7      | Bought a scroll of identify for 54 gold pieces
  5294 | D:7      | 5294 ||| SHOPLISTING wand of iceblast (7) (453 gold, have
                  | 95).
  5342 | D:7      | Found a sparkling altar of Nemelex Xobeh.
  5346 | D:7      | Found an opulent altar of Gozag.
  5350 | D:7      | Found a hide-covered altar of Uskayaw.
  5448 | D:7      | Found a staircase to the Ecumenical Temple.
  5449 | D:7      | 5449 ||| PLANNING TEMPLE
  5450 | D:7      | 5450 ||| READING 2 scrolls of identify.
  5450 | D:7      | 5450 ||| IDENTIFYING fuming white potion
  5459 | D:7      | HP: 7/39 [wight/+3 spear of freezing (10)]
  5459 | D:7      | HP: 1/37 [wight/+3 spear of freezing (3)]
  5460 | D:7      | 5460 ||| DRINKING potion of heal wounds.
  5464 | D:7      | Reached XP level 9. HP: 15/40 MP: 10/10
  5558 | D:7      | 5558 ||| READING scroll of identify.
  5558 | D:7      | 5558 ||| IDENTIFYING green potion
  5559 | D:7      | 5559 ||| DROPPING potion of berserk rage.
  5560 | D:7      | 5560 ||| DROPPING potion of ambrosia.
  5581 | Temple   | Entered the Ecumenical Temple
  5582 | Temple   | 5582 ||| PLANNING D:1-11
  5769 | D:7      | 5769 ||| RETREEEEATING.
  5956 | D:7      | Found a flagged portal.
  5972 | D:7      | 5972 ||| READING scroll of identify.
  5972 | D:7      | 5972 ||| IDENTIFYING dark potion
  6019 | D:8      | Identified the +3 ring mail "Teukin" {Int+3 SInv}
  6022 | D:8      | Found Xael's Weapon Boutique.
  6025 | D:8      | 6025 ||| SHOPLISTING +5 orcbow (335 gold, have 139).
  6026 | D:8      | 6026 ||| RETREEEEATING.
  6028 | D:8      | 6028 ||| RETREEEEATING.
  6030 | D:8      | 6030 ||| RETREEEEATING.
  6031 | D:8      | 6031 ||| RETREEEEATING.
  6032 | D:8      | 6032 ||| RETREEEEATING.
  6039 | D:8      | 6039 ||| RETREEEEATING.
  6047 | D:8      | HP: 10/45 [poisoned by a killer bee]
  6048 | D:8      | HP: 2/45 [killer bee (7)]
  6049 | D:8      | Succumbed to a killer bee's poison

Levels and vault maps discovered:
D:1:      lemuel_arrival_room, layout_basic
D:2:      wad_crossroads, layout_loops_ring, uniq_jessica
D:3:      layout_loops_corners, makhleb_altar_promises_db,
          nicolae_overflow_squiral, uniq_terence
D:4:      layout_basic, mainiacjoe_overflow_two_lobes, serial_shops,
          nicolae_shop_just_a_little_nook, serial_demonic, serial_demonic_b,
          serial_demonic_g, serial_demonic_c, serial_demonic_a,
          serial_demonic_e, serial_demonic_e
D:5:      layout_rooms, grunt_ministairs_11, kennysheep_opposing_triangles
D:6:      layout_basic
D:7:      layout_rooms, grunt_temple_overflow_diamond,
          minmay_temple_entry_large_hall, enter_bailey_5, serial_shops,
          nicolae_shop_statue_plus
D:8:      layout_basic, mainiacjoe_overflow_alcove_4, serial_shops,
          nicolae_shop_behind_doors, uniq_gastronok
Temple:   hellmonk_temple_rainy

Skill      XL: |  1  2  3  4  5  6  7  8  9 |
---------------+----------------------------+-----
Dodging        | 3 4 5 6 8 9 10 | 10.0
Ranged Weapons | 5 6 7 8 10 | 10.0
Fighting       | 2 3 |  3.9
Stealth        | |  1.5

Action                     |  1- 3 |  4- 6 |  7- 9 || total
---------------------------+-------+-------+-------++-------
   Fire: Shortbow          |   110 |   212 |   325 ||   647
    Use: Scroll            |     2 |     7 |    10 ||    19
         Potion            |     1 |       |     2 ||     3
 Armour: Robe              |     6 |    39 |    59 ||   104
  Dodge: Dodged            |    29 |   119 |   140 ||   288
  Block: Other             |       |    18 |    34 ||    52
         Reflection        |       |     1 |       ||     1

Table legend:
 A = Non-vault XP
 B = Vault XP
 C = Vault XP percentage of total XP
 D = Non-vault monster count
 E = Vault monster count
 F = Vault count percentage of total count
                 A         B        C        D         E       F
            +---------+---------+-------+---------+---------+-------
      Total |    2998 |     490 |  14.0 |     129 |      23 |  15.1
            +---------+---------+-------+---------+---------+-------
        D:1 |      49 |       0 |   0.0 |      28 |       0 |   0.0
        D:2 |      19 |      56 |  74.7 |      10 |       5 |  33.3
        D:3 |     181 |      36 |  16.6 |      21 |       1 |   4.5
        D:4 |     313 |      68 |  17.8 |      20 |       7 |  25.9
        D:5 |     464 |     323 |  41.0 |      13 |       6 |  31.6
        D:6 |     841 |       0 |   0.0 |      17 |       0 |   0.0
        D:7 |     952 |       7 |   0.7 |      17 |       4 |  19.0
        D:8 |     179 |       0 |   0.0 |       3 |       0 |   0.0
            +---------+---------+-------+---------+---------+-------
